 Dungeon Crawl Stone Soup version 0.30-a0-860-g512cf1e979 (webtiles) character file.

Game seed: 18020325001269965928

14 Bnni the Stinger (level 2, 0/20 HPs)
             Began as a Formicid Venom Mage on Mar 7, 2023.
             Slain by a jackal (3 damage)
             ... on level 1 of the Dungeon.
             The game lasted 00:01:30 (130 turns).

Bnni the Stinger (Formicid Venom Mage)               Turns: 130, Time: 00:01:30

Health: 0/20       AC:  2    Str: 12    XL:     2   Next: 55%
Magic:  4/5        EV: 12    Int: 14    God:
Gold:   0          SH:  0    Dex: 14    Spells: 4/5 levels left

rFire   . . .      SeeInvis +    c - +0 short sword
rCold   . . .      Faith    .    (no shield)
rNeg    . . .      Spirit   .    a - +0 robe
rPois   .          Reflect  .    (helmet unavailable)
rElec   .          Rampage  .    (no cloak)
rCorr   .                        (no gloves)
Will    .....                    (no boots)
Stlth   ++                       (no amulet)
HPRegen 0.23/turn                (no ring)
MPRegen 0.09/turn                (no ring)

@: no status effects
A: permanent stasis, dig shafts and tunnels, antennae 3, four strong arms
a: Dig, Shaft Self


You were on level 1 of the Dungeon.
You visited 1 branch of the dungeon, and saw 1 of its levels.

Inventory:

Hand Weapons
 c - a +0 short sword (weapon)
Armour
 a - a +0 robe (worn)
Potions
 d - a potion of berserk rage {unknown}


   Skills:
 + Level 0.9 Fighting
 - Level 1.7 Dodging
 - Level 2.4 Stealth
 + Level 2.4 Spellcasting
 - Level 1.1 Transmutations
 * Level 4.5 Poison Magic


You had 4 spell levels left.
You knew the following spells:

 Your Spells              Type           Power      Damage    Failure   Level
a - Sting                 Tmut/Pois      36%        1d4       7%          1

Your spell library contained the following spells:

 Spells                   Type           Power      Damage    Failure   Level
 Poisonous Vapours        Pois/Air       16%        N/A       14%         2
 Olgreb's Toxic Radiance  Pois           14%        N/A       34%         4
 Mephitic Cloud           Conj/Pois/Air  5%         N/A       36%         3


Dungeon Overview and Level Annotations

Branches:
Dungeon (1/15)

Altars:


Innate Abilities, Weirdness & Mutations

You cannot be hasted, slowed, berserked, paralysed or teleported.
You can dig through walls and to a lower floor.
You have a pair of large antennae on your head. (SInv)
Your four strong arms can wield two-handed weapons with a shield.


Message History

You barely miss the jackal.
The jackal is severely wounded.
The jackal closely misses you. The jackal completely misses you.
You hit the jackal.
You kill the jackal!
You closely miss the jackal. The jackal bites you.
* * * LOW HITPOINT WARNING * * *
The jackal bites you but does no damage.
You hit the jackal but do no damage. The jackal barely misses you.
You hit the jackal.
The jackal is severely wounded.
The jackal bites you.
* * * LOW HITPOINT WARNING * * *
You hit the jackal.
The jackal is almost dead.
The jackal closely misses you. The jackal bites you.
* * * LOW HITPOINT WARNING * * *
You closely miss the jackal.
The jackal is almost dead.
The jackal misses you.
You barely miss the jackal.
The jackal is almost dead.
The jackal bites you but does no damage.
The jackal closely misses you. Magic courses through your body.
The jackal misses you.
Aiming: Sting (safe; 7% risk of failure)
Press: ? - help, Q - select action, (/) - cycle Shift-Dir - straight line, f - jackal
Aim: a jackal (almost dead, 60% to hit)
The sting hits the jackal but does no damage.
The jackal is poisoned.
The jackal is almost dead.
You kill the jackal!
Aiming: Sting (safe; 7% risk of failure)
Press: ? - help, Q - select action, (/) - cycle Shift-Dir - straight line, f - jackal
Aim: a jackal (60% to hit)
The sting hits the jackal.
The jackal is poisoned.
The jackal is moderately wounded.
The jackal bites you but does no damage.
The jackal bites you.
You die...

#. ##### #.####...#
#.#......##.
#.#.........
#.......#
#########......#
#~P≈.~.≈'......#
#≈≈≈P~≈.#.###'##
#P≈~PP.~#.# #@#
#≈....~~#.###h####.#.
#.#≈P~..#....)..g....
#.#.~≈~.#...........#
#<#~~.~~+...........+
#########...........#
.............#
.###..........#
#..........#


You could see a jackal (poisoned).

Vanquished Creatures
  An endoplasm (D:1)
  3 goblins (D:1)
  3 jackals (D:1)
  A ball python (D:1)
  2 bats (D:1)
  2 kobolds (D:1)
12 creatures vanquished.

Notes
Turn   | Place    | Note
-------+----------+-------------------------------------------
     0 | D:1      | Bnni the Formicid Venom Mage began the quest for the Orb.
     0 | D:1      | Reached XP level 1. HP: 13/13 MP: 3/3
    85 | D:1      | Reached XP level 2. HP: 20/20 MP: 1/5
   130 | D:1      | Slain by a jackal

Illustrated notes

Levels and vault maps discovered:
D:1:      lightli_arrival_flooded_house, layout_basic

Action                     || total
---------------------------++-------
  Melee: Short sword       ||    57
         Unarmed           ||     6
   Cast: Sting             ||    13
    Use: Potion            ||     1
 Armour: Robe              ||    23
  Dodge: Dodged            ||    54

Table legend: (Time is in decaauts)
 A = Elapsed time spent in this place.
 B = Non-inter-level travel time spent in this place.
 C = Inter-level travel time spent in this place.
 D = Time resting spent in this place.
 E = Time spent auto-exploring this place.
 F = Levels seen in this place.
 G = Mean time per level.
                   A        B        C        D        E       F      G
               +--------+--------+--------+--------+--------+-----+--------+
         Total |    129 |    129 |      0 |      0 |     39 |   1 |  129.0 |
       Dungeon |    129 |    129 |      0 |      0 |     39 |   1 |  129.0 |
               +--------+--------+--------+--------+--------+-----+--------+

Top non-repeatable levels by time:
     D:1: 129 daAuts
